 Dungeon Crawl Stone Soup version 0.24.0-2-g5b39cebb1c (webtiles) character file.

Game seed: 17106087882685223049, levelgen mode: deterministic

126 Froggeryz the Cutter (level 5, -8/32 HPs)
             Began as a Kobold Chaos Knight on Oct 29, 2019.
             Was a Plaything of Xom.
             Killed by nerve-wracking pain
             ... invoked by an orc priest
              (12 damage)
             ... on level 3 of the Dungeon.
             The game lasted 00:02:50 (1568 turns).

Froggeryz the Cutter (Kobold Chaos Knight)          Turns: 1568, Time: 00:02:51

Health: -8/32      AC:  7    Str: 10    XL:     5   Next: 32%
Magic:  0/5        EV: 14    Int: 14    God:    Xom [..*...]
Gold:   233        SH:  0    Dex: 14    Spells: 4/4 levels left

rFire    . . .     SeeInvis .   a - +0 short sword (chaos)
rCold    . . .     Gourm    .   (shield restricted)
rNeg     . . .     Faith    .   b - +2 leather armour
rPois    .         Spirit   +   (no helmet)
rElec    .         Reflect  .   m - +0 cloak
rCorr    .         Harm     .   (no gloves)
MR       .....                  n - +0 pair of boots
Stlth    ++........             t - amulet of guardian spirit
HPRegen  0.10/turn              u - ring of stealth (curse)
MPRegen  0.09/turn              (no ring)

@: lightly drained
A: small, carnivore
a: Renounce Religion


You were on level 3 of the Dungeon.
You worshipped Xom.
You were a toy of Xom.
You were not hungry.

You visited 1 branch of the dungeon, and saw 3 of its levels.

You collected 233 gold pieces.

Inventory:

Hand Weapons
 a - a +0 short sword of chaos (weapon)
 d - a +4 quarterstaff of chaos
Missiles
 o - 27 sling bullets
Armour
 b - a +2 leather armour (worn)
 m - a +0 cloak (worn)
 n - a +0 pair of boots (worn)
Jewellery
 t - an amulet of guardian spirit (around neck)
 u - a cursed ring of stealth (left hand)
Wands
 r - a wand of random effects (14)
Scrolls
 e - a scroll of magic mapping {unknown}
 f - a scroll of amnesia {unknown}
 g - a scroll of noise {unknown}
 h - a scroll of blinking {unknown}
 i - 4 scrolls of teleportation {unknown}
 j - a scroll of fear {unknown}
 k - 3 scrolls of identify {unknown}
 l - 2 scrolls of fog {unknown}
 q - a scroll of immolation {unknown}
Potions
 p - a potion of might {unknown}
 s - a potion of ambrosia {unknown}
Comestibles
 c - 4 rations


   Skills:
 - Level 3.2 Fighting
 * Level 7.4 Short Blades
 - Level 0.7(0.6) Armour
 - Level 2.4(2.3) Dodging


You had 4 spell levels left.
You didn't know any spells.
Your spell library was empty.

Dungeon Overview and Level Annotations

Branches:
Dungeon (3/15)

Altars:
Qazlal
Xom


Innate Abilities, Weirdness & Mutations

You are small and have problems with some larger weapons.
You are carnivorous and can eat meat at any time.


Message History

The orc is severely wounded.
The orc hits you with a +0 mace!
The orc priest calls upon Beogh to heal the orc.
The orc is healed somewhat.
You are too injured to fight recklessly!
You hit the orc. You drain the orc.
You kill the orc!
The orc priest calls down the wrath of Beogh upon you.
Beogh smites you!
* * * LOW HITPOINT WARNING * * *
The orc priest barely misses you.
Things that are here:
a +0 mace; a +0 leather armour You hit the orc priest.
The air around the orc priest crackles with energy!
The orc priest is lightly wounded.
The orc priest mumbles some strange prayers to Beogh against you.
Pain shoots through your body!
You die...
Xom laughs nastily!

..##.........# #.#
............# #.#
#.##.........# #.#
##.##.........# #o#
..............###.# ##
#.##.............#
.####.....####..###..#
....#####.# #..#o...#
###.......# #..@##..#
....#####.####.#.##..####
.####.....>.............#
##....##..##<........##.##
.......#..####..#....##..#
.................#.......#
......##.#............#..#
.#.#..##.#..##...........#
...#........##.#.##..รท#..####


You could see an orc priest.

Vanquished Creatures
  Crazy Yiuf (D:3)
  Terence (D:2)
  A hound zombie (D:2)
  2 adders (D:2)
  A worm (D:3)
  3 orcs (D:3)
  2 giant cockroaches
  3 goblins (D:1)
  2 hobgoblins (D:1)
  2 jackals (D:2)
  2 quokkas
  9 bats
  2 frilled lizards (D:1)
  5 kobolds
  6 rats
42 creatures vanquished.

Notes
Turn   | Place    | Note
-------+----------+-------------------------------------------
     0 | D:1      | Froggeryz the Kobold Chaos Knight began the quest for the
                  | Orb.
     0 | D:1      | Reached XP level 1. HP: 14/14 MP: 1/1
   114 | D:1      | Reached XP level 2. HP: 18/19 MP: 2/2
   212 | D:1      | XOM: scenery: create altars
   274 | D:1      | XOM: noise
   324 | D:1      | Reached skill level 5 in Short Blades
   678 | D:2      | Reached XP level 3. HP: 23/23 MP: 3/3
   733 | D:2      | Found a stormy altar of Qazlal.
   827 | D:2      | Reached skill level 6 in Short Blades
   827 | D:2      | Reached XP level 4. HP: 28/28 MP: 4/4
   863 | D:2      | XOM: mild Chrm miscast
   946 | D:2      | Noticed Terence
   953 | D:2      | XOM: potion effect (might)
   958 | D:2      | Killed Terence
  1154 | D:3      | XOM: divination: detect creatures
  1217 | D:3      | Reached skill level 7 in Short Blades
  1328 | D:3      | Found a runed translucent door.
  1330 | D:3      | Noticed Crazy Yiuf
  1348 | D:3      | Killed Crazy Yiuf
  1348 | D:3      | Reached XP level 5. HP: 20/32 MP: 1/5
  1428 | D:3      | XOM: silly message
  1568 | D:3      | Killed from afar by an orc priest

Levels and vault maps discovered:
D:1:      tarquinn_simple_flora_water_f, layout_loops_ring
D:2:      layout_rooms, lemuel_doored_altar, uniq_terence
D:3:      minmay_general_purpose_star, layout_basic, first_ration,
          nemelex_dance_club_becter, uniq_crazy_yiuf_cottage

Skill      XL: |  1  2  3  4 |
---------------+-------------+-----
Short Blades   | 5 6 7 |  7.4
Fighting       | |  3.2
Armour         | |  0.7
Dodging        | |  2.4

Action                   |  1- 3 |  4- 6 || total
-------------------------+-------+-------++-------
Melee: Short sword       |    77 |    60 ||   137
  Use: Potion            |       |     1 ||     1
 Stab: Paralysed         |     1 |       ||     1
       Sleeping          |     1 |       ||     1
       Confused          |     1 |       ||     1
  Eat: Chunk             |       |     3 ||     3
Armor: Leather armour    |    16 |    11 ||    27
Dodge: Dodged            |    55 |    38 ||    93
